cohdb
Replays
Latest Replays
All Replays
Popular Replays
Top Player Replays
Match Explorer
How It Works
Community
CoH3 Stats
Reddit
Sign in to upload your games and track your stats! →
Sign in with Steam
Match 47115107
Unlisted
Match 47115107
Overview
Messages
Build Orders
End
Construct Section Command Post
Selects Air and Sea Battlegroup
Dingo Light Scout Car
ML 3-inch Mortar Team
Royal Engineer Section
Dingo Light Scout Car
Construct Platoon Command Post
Selects Supply Surplus
Construct Resource Cache
Construct Resource Cache
Humber Armored Car
Unlock Bishop Self-propelled Artillery
Bishop Self-propelled Artillery
6-pounder Anti-tank Gun Team
Bishop Self-propelled Artillery
Selects UNKNOWN (223837)
Light Vehicle Training
Drink||Chouchen
Graouw
Alpha_Roger
UMirinBrah?
Konrad Curze
FLOKL
0
0
Comments
sign in to comment!
No comments posted yet!